Map: Coda LE (Void)

Players

Code

  • Race: Protoss Protoss

Bop - Winner!

  • Race: Zerg Zerg

VOD

Have the link to the VOD?

Description

Time

  • Played on: May 3, 2015, 6:09 a.m.
  • Length: 10:43
Show
View Real Time Build Order
Export as new Build Order

Code Protoss 

Build Orders: 1 Gate Expand, Oracle Opening, Oracle Opening 

Get SALT Encoding   

  12  0:01  Probe  
  13  0:14  Pylon  
  13  0:18  Probe  
  14  0:32  Probe (Chrono Boost)  
  15  0:37  Gateway  
  15  0:42  Probe (Chrono Boost)  
  16  0:49  Probe  
  17  1:10  Nexus  
  17  1:19  Assimilator  
  17  1:21  Assimilator  
  17  1:25  Probe (Chrono Boost)  
  18  1:34  Probe (Chrono Boost)  
  18  1:38  Cybernetics Core  
  19  1:48  Probe  
  20  1:57  Pylon  
  20  2:00  Probe  
  21  2:13  Probe  
  21  2:15  Warp Gate  
  22  2:16  Adept (Chrono Boost)  
  24  2:25  Gateway  
  24  2:26  Probe  
  25  2:39  Stargate  
  25  2:51  Gateway  
  25  2:56  Probe  
  25  2:57  Probe  
  27  3:09  Probe (Chrono Boost)  
  29  3:13  Probe (Chrono Boost)  
  30  3:20  Probe (Chrono Boost)  
  30  3:23  Probe (Chrono Boost), Pylon  
  30  3:26  Probe (Chrono Boost)  
  31  3:29  Oracle (Chrono Boost)  
  34  3:38  Probe (Chrono Boost)  
  35  3:47  Probe (Chrono Boost)  
  37  3:49  Probe (Chrono Boost)  
  37  3:55  Probe (Chrono Boost)  
  42  3:57  Forge  
  42  4:00  Mothership Core (Chrono Boost)  
  42  4:01  Probe (Chrono Boost)  
  43  4:12  Probe (Chrono Boost)  
  43  4:18  Pylon  
  43  4:19  Probe (Chrono Boost)  
  43  4:22  Sentry  
  43  4:23  Probe (Chrono Boost)  
  46  4:27  Probe (Chrono Boost)  
  46  4:30  Stalker x2  
  52  4:31  Probe (Chrono Boost)  
  52  4:36  Probe  
  52  4:37  Photon Cannon  
  53  4:38  Photon Cannon  
  53  4:42  Probe (Chrono Boost)  
  54  4:48  Probe (Chrono Boost)  
  55  4:56  Pylon  
  55  4:59  Assimilator  
  57  5:00  Probe x2 (Chrono Boost)  
  57  5:02  Phoenix (Chrono Boost)  
  57  5:03  Assimilator  
  57  5:06  Probe (Chrono Boost)  
  60  5:15  Pylon  
  60  5:21  Pylon  
  60  5:23  Probe  
  60  5:27  Gateway  
  61  5:29  Gateway  
  61  5:30  Pylon  
  61  5:41  Zealot  
  63  5:43  Probe (Chrono Boost)  
  63  5:45  Void Ray (Chrono Boost), Protoss Ground Weapons Level 1 (Chrono Boost)  
  63  5:46  Probe (Chrono Boost)  
  69  5:55  Probe (Chrono Boost)  
  70  6:01  Probe (Chrono Boost)  
  71  6:04  Probe  
  71  6:07  Robotics Facility  
  74  6:18  Phoenix (Chrono Boost)  
  72  6:27  Stargate  
  72  6:29  Stargate  
  72  6:32  Pylon  
  72  6:39  Phoenix  
  67  6:51  Nexus  
  64  6:56  Observer (Chrono Boost)  
  65  7:04  Phoenix (Chrono Boost)  
  67  7:12  Phoenix (Chrono Boost)  
  71  7:24  Phoenix (Chrono Boost)  
  71  7:25  Pylon, Phoenix (Chrono Boost)  
  73  7:30  Phoenix  
  75  7:45  Zealot  
  75  7:46  Zealot x4, Phoenix  
  87  7:59  Probe  
  87  8:02  Pylon  
  87  8:04  Pylon  
  88  8:26  Probe  
  89  8:38  Probe  
  89  8:39  Void Ray x3 (Chrono Boost)  
  102  8:46  Warp Prism (Chrono Boost)  
  102  9:08  Fleet Beacon  
  94  9:14  Zealot x4  
  66  9:53  Zealot x2  
  52  10:32  Nexus  
  52  10:35  Pylon  
Show
View Real Time Build Order
Export as new Build Order

Bop Zerg - Winner!

Build Orders: Hatch First, Lurkers 

Get SALT Encoding   

  12  0:00  Drone  
  13  0:14  Overlord  
  13  0:23  Drone  
  14  0:34  Drone x2  
  16  0:36  Drone  
  17  0:54  Hatchery  
  16  0:58  Drone  
  16  1:03  Drone, Extractor  
  17  1:19  Spawning Pool  
  17  1:21  Drone  
  17  1:27  Drone  
  17  1:30  Drone  
  19  1:42  Drone  
  20  2:05  Metabolic Boost, Queen  
  20  2:06  Zergling x2  
  20  2:07  Queen, Zergling x2  
  26  2:13  Overlord  
  26  2:21  Drone x2  
  28  2:35  Drone x3  
  31  2:43  Lair  
  31  2:46  Drone x2  
  33  2:56  Queen  
  34  3:03  Drone x2, Overlord  
  36  3:22  Drone x6  
  36  3:24  Extractor x2  
  40  3:37  Queen  
  42  3:42  Drone x2  
  42  3:43  Infestation Pit  
  42  3:44  Overlord  
  43  3:52  Drone  
  43  3:55  Overseer  
  44  3:57  Overlord  
  44  3:58  Overlord  
  44  4:04  Drone x5  
  44  4:06  Drone x2  
  44  4:08  Drone  
  52  4:10  Extractor  
  57  4:33  Drone  
  57  4:35  Drone  
  57  4:38  Spore Crawler  
  58  4:39  Spore Crawler  
  56  5:05  Drone  
  56  5:06  Overlord  
  60  5:09  Hydralisk Den  
  59  5:19  Drone  
  60  5:22  Hive, Burrow  
  60  5:27  Drone x6  
  66  5:32  Zergling x4  
  66  5:34  Overlord, Lurker Den  
  68  5:46  Overlord  
  68  5:49  Overlord  
  67  6:05  Hydralisk  
  67  6:06  Hydralisk x5  
  79  6:18  Overlord x2  
  79  6:29  Hydralisk x5  
  89  6:39  Ultralisk Cavern  
  88  6:44  Overlord  
  87  7:00  Hydralisk x2  
  91  7:02  Overlord  
  91  7:03  Overlord  
  91  7:05  Queen x2  
  95  7:10  Overlord  
  95  7:30  Lurker x4  
  95  7:31  Hydralisk x3  
  95  7:33  Overlord x2  
  105  7:46  Chitinous Plating  
  105  7:48  Zergling x18  
  114  7:58  Overlord x2  
  114  8:05  Overlord  
  110  8:15  Ultralisk  
  112  8:25  Ultralisk  
  117  8:40  Overlord  
  117  8:52  Overlord  
  111  9:19  Hatchery  
  107  9:26  Hydralisk x4  
  98  9:42  Overlord  
  88  9:57  Zergling x6  
  78  10:24  Zergling x6  
Tags
 
Add a new tag
Caveats
  • Supply blocks, unpowered buildings, or Contaminate may cause inaccurate times.
  • Supply counts are checked every 10 seconds.